Map: Jagannatha LE

Players

ViBE - Winner!

  • Race: Zerg Zerg
  • League: Gold
  • Spawn Location: 1:00

Shameless

  • Race: Protoss Protoss
  • League: Gold
  • Spawn Location: 7:00

VOD

Have the link to the VOD?

Description

Time

  • Played on: March 23, 2021, 7:56 p.m.
  • Length: 11:49
Show
View Real Time Build Order
Export as new Build Order

ViBE Zerg - Winner!

Build Orders: Hatch First 

Get SALT Encoding   

  12  0:01  Drone  
  13  0:14  Drone  
  14  0:18  Overlord  
  14  0:28  Extractor  
  14  0:29  Drone  
  15  0:37  Drone  
  15  0:38  Drone  
  17  0:53  Hatchery  
  17  0:57  Drone  
  17  1:00  Drone  
  18  1:14  Spawning Pool  
  18  1:17  Drone  
  18  1:20  Drone  
  19  1:31  Drone  
  20  1:35  Extractor  
  19  1:53  Drone x2  
  21  2:06  Queen  
  23  2:10  Drone x2  
  23  2:15  Queen  
  27  2:18  Drone  
  27  2:20  Overlord  
  28  2:30  Overlord  
  28  2:40  Drone x3  
  28  2:42  Lair  
  31  2:45  Drone  
  31  2:50  Queen  
  34  2:53  Drone  
  35  3:01  Drone x2  
  37  3:07  Overlord  
  37  3:13  Drone  
  37  3:14  Drone x3  
  41  3:21  Drone x2  
  41  3:24  Drone  
  41  3:25  Overlord  
  44  3:31  Roach Warren  
  44  3:32  Evolution Chamber  
  42  3:36  Drone  
  42  3:37  Drone x2  
  45  3:48  Extractor x2, Drone x2  
  46  3:53  Hatchery  
  44  4:00  Queen  
  46  4:03  Drone x5  
  46  4:05  Overlord  
  51  4:17  Roach x3  
  57  4:30  Overlord  
  57  4:34  Roach x5  
  67  4:42  Drone  
  67  4:43  Overlord x2  
  68  5:00  Overlord x2  
  68  5:03  Drone x2  
  70  5:13  Drone x2  
  70  5:14  Drone x6  
  78  5:17  Hydralisk Den  
  78  5:21  Drone x2  
  79  5:30  Evolution Chamber  
  79  5:31  Drone x3, Extractor  
  80  5:36  Drone  
  80  5:39  Drone x2  
  83  5:44  Drone x9  
  83  5:48  Extractor x2  
  90  5:53  Drone  
  91  5:57  Zerg Missile Weapons Level 1, Zerg Ground Armor Level 1  
  91  5:58  Glial Reconstitution  
  91  5:59  Grooved Spines  
  91  6:00  Hatchery  
  91  6:02  Overlord x3  
  90  6:29  Hydralisk x3  
  90  6:30  Hydralisk x7  
  90  6:31  Hydralisk  
  112  6:45  Overlord x2  
  112  6:46  Hydralisk x4  
  120  7:04  Overlord x2  
  120  7:08  Drone x8  
  121  7:10  Muscular Augments  
  128  7:22  Drone, Infestation Pit  
  128  7:23  Drone x5  
  128  7:27  Drone  
  134  7:35  Drone x6  
  134  7:36  Drone  
  141  7:42  Extractor  
  141  7:43  Extractor, Hydralisk x6  
  143  8:02  Hydralisk x8  
  159  8:05  Overlord  
  159  8:06  Overlord x8  
  159  8:09  Zerg Ground Armor Level 2, Zerg Missile Weapons Level 2  
  158  8:22  Spore Crawler  
  158  8:25  Spore Crawler  
  158  8:26  Spore Crawler  
  153  8:29  Spore Crawler  
  152  8:37  Drone x2  
  152  8:38  Drone  
  152  8:40  Drone x2  
  152  8:41  Drone  
  158  8:42  Drone x3  
  161  8:48  Hatchery  
  161  8:53  Hatchery  
  159  8:59  Hive  
  159  9:13  Hydralisk x13  
  185  9:37  Overseer x2  
  185  9:40  Hydralisk x7  
  195  11:00  Spore Crawler  
  195  11:01  Drone  
  195  11:08  Spore Crawler  
  182  11:20  Hydralisk  
  182  11:21  Hydralisk x8  
Show
View Real Time Build Order
Export as new Build Order

Shameless Protoss 

Build Orders:  

Get SALT Encoding   

  12  0:01  Probe  
  13  0:13  Probe  
  14  0:26  Probe  
  14  0:27  Pylon  
  15  0:45  Probe  
  15  0:49  Gateway  
  16  0:56  Assimilator  
  16  0:59  Probe (Chrono Boost)  
  17  1:11  Probe (Chrono Boost)  
  18  1:20  Probe (Chrono Boost)  
  18  1:24  Assimilator  
  18  1:25  Probe  
  20  1:37  Probe  
  20  1:39  Cybernetics Core  
  21  1:43  Forge  
  21  1:49  Probe  
  22  2:01  Probe  
  22  2:08  Nexus  
  23  2:23  Pylon  
  23  2:39  Stargate  
  23  2:41  Probe  
  23  2:43  Photon Cannon  
  24  2:53  Probe  
  25  3:00  Assimilator  
  25  3:03  Assimilator  
  25  3:06  Probe  
  26  3:15  Void Ray (Chrono Boost)  
  26  3:17  Protoss Air Weapons Level 1 (Chrono Boost)  
  26  3:18  Probe  
  33  3:28  Probe  
  33  3:31  Probe  
  35  3:36  Stalker  
  35  3:42  Probe  
  35  3:43  Probe  
  37  3:54  Probe  
  38  3:57  Stargate  
  38  4:04  Probe  
  38  4:05  Void Ray  
  38  4:06  Probe  
  40  4:16  Probe  
  45  4:17  Probe  
  46  4:33  Pylon  
  46  4:43  Pylon  
  46  4:45  Void Ray  
  46  4:51  Probe (Chrono Boost)  
  46  4:52  Probe (Chrono Boost), Pylon  
  52  4:55  Void Ray  
  52  5:03  Probe x2 (Chrono Boost)  
  58  5:08  Probe (Chrono Boost)  
  59  5:17  Probe  
  60  5:22  Void Ray  
  60  5:23  Fleet Beacon  
  60  5:25  Pylon  
  60  5:27  Pylon  
  64  5:40  Probe  
  64  5:42  Probe  
  66  5:48  Stargate  
  66  5:53  Probe, Gateway  
  66  5:54  Probe  
  66  5:56  Flux Vanes  
  68  6:04  Pylon  
  68  6:05  Probe  
  68  6:06  Probe  
  70  6:13  Void Ray x2  
  78  6:31  Protoss Air Weapons Level 2 (Chrono Boost)  
  78  6:37  Void Ray  
  82  7:04  Void Ray  
  82  7:09  Oracle  
  89  7:22  Robotics Facility  
  89  7:27  Void Ray  
  70  8:31  Void Ray  
  70  8:32  Void Ray x2  
  74  8:41  Warp Prism  
  76  9:09  Void Ray  
  84  9:28  Probe x2  
  86  9:32  Nexus  
  86  9:34  Nexus  
  86  9:36  Pylon  
  86  9:40  Pylon  
  86  9:44  Pylon  
  86  9:46  Pylon  
  86  9:48  Void Ray  
  86  9:50  Pylon  
  86  9:52  Void Ray  
  86  9:54  Probe x2  
  96  10:06  Probe x2, Robotics Bay  
  98  10:12  Photon Cannon  
  98  10:14  Photon Cannon  
  98  10:16  Photon Cannon  
  98  10:18  Probe x2, Photon Cannon  
  98  10:20  Photon Cannon  
  99  10:21  Photon Cannon  
  99  10:23  Photon Cannon  
  99  10:24  Photon Cannon  
  99  10:25  Void Ray  
  99  10:26  Photon Cannon  
  99  10:27  Photon Cannon  
  99  10:28  Photon Cannon  
  99  10:29  Void Ray  
  99  10:30  Probe x2  
  99  10:32  Photon Cannon  
  99  10:34  Photon Cannon  
  108  10:37  Photon Cannon  
  106  10:43  Probe x2  
  108  11:01  Assimilator  
  108  11:04  Assimilator  
  107  11:09  Probe x2  
  83  11:21  Probe x2  
  85  11:33  Probe x2  
Tags
 
League
GoldGold
Matchup
PvZ
Player
ViBE
Replay Pack
Gold_League
Spawn Locations
Cross Positions
Add a new tag
Caveats
  • Supply blocks, unpowered buildings, or Contaminate may cause inaccurate times.
  • Supply counts are checked every 10 seconds.